 Dungeon Crawl Stone Soup version 0.30-a0-310-g7d6cbdfea6 (webtiles) character file.

Game seed: 7113272529480997381

54084 ragingrage the Unseen (level 14, -2/72 HPs)
             Began as a Vine Stalker Brigand on Oct 24, 2022.
             Was a Follower of Uskayaw.
             Killed from afar by an oklob plant (22 damage)
             ... with a splash of acid
             ... on level 4 of the Lair of Beasts.
             The game lasted 00:34:47 (16575 turns).

ragingrage the Unseen (Vine Stalker Brigand)       Turns: 16575, Time: 00:34:48

Health: -2/72      AC: 15    Str: 14    XL:     14   Next: 71%
Magic:  0/21       EV: 19    Int: 11    God:    Uskayaw [*.....]
Gold:   676        SH:  0    Dex: 21    Spells: 13/13 levels left

rFire   + . .      SeeInvis +    a - +3 dagger (drain)
rCold   . . .      Faith    +    (no shield)
rNeg    . . .      Spirit   +    C - +0 swamp dragon scales
rPois   +          Reflect  .    S - +2 helmet {SInv}
rElec   .          Harm     .    c - +2 cloak
rCorr   .          Rampage  .    J - +0 pair of gloves
Will    +....                    M - +2 pair of boots
Stlth   ++++++....               r - amulet of faith
HPRegen 1.12/turn                E - ring of protection from fire
MPRegen 0.17/turn                G - +4 ring of evasion

@: corroded
A: fangs 3, regeneration 1, magic shield, antimagic bite, no potion heal 2
a: Renounce Religion, Stomp


You were on level 4 of the Lair of Beasts.
You worshipped Uskayaw.
Uskayaw was aware of your devotion.
You visited 3 branches of the dungeon, and saw 18 of its levels.
You also visited: Bailey and Volcano.

You collected 1295 gold pieces.
You spent 619 gold pieces at shops.

Inventory:

Hand Weapons
 a - a +3 dagger of draining (weapon)
 b - a +0 rapier of venom
 P - a +0 great sword of flaming
 T - a +3 longbow of flaming
Missiles
 d - 22 poisoned darts (quivered)
 e - 2 curare-tipped darts
 m - 8 javelins
 O - 6 datura-tipped darts
Armour
 c - a +2 cloak (worn)
 C - +0 swamp dragon scales (worn)
 J - a +0 pair of gloves (worn)
 M - a +2 pair of boots (worn)
 S - a +2 helmet of see invisible (worn)
 V - a +2 troll leather armour {Snorg}
 X - a scarf of invisibility
 Z - a +3 leather armour of fire resistance
Jewellery
 q - a ring of protection from cold
 r - an amulet of faith (around neck)
 E - a ring of protection from fire (left hand)
 G - a +4 ring of evasion (right hand)
Wands
 p - a wand of mindburst (6)
 t - a wand of digging (13)
 u - a wand of charming (5)
 v - a wand of flame (71)
 I - a wand of iceblast (2)
 Y - a wand of acid (4)
Scrolls
 g - a scroll of identify
 j - a scroll of blinking
 n - 5 scrolls of teleportation
 o - a scroll of poison
 w - 7 scrolls of immolation
 y - 7 scrolls of enchant armour
 z - a scroll of butterflies
 B - 2 scrolls of enchant weapon
 H - a scroll of silence
 L - 3 scrolls of magic mapping
 N - 4 scrolls of vulnerability
Potions
 f - 2 potions of resistance
 h - 9 potions of curing
 i - a potion of lignification
 k - 5 potions of flight
 l - 4 potions of cancellation
 s - 3 potions of mutation
 x - 2 potions of magic
 A - 5 potions of haste
 D - 3 potions of attraction
 K - 2 potions of berserk rage
 Q - 3 potions of brilliance
 U - 3 potions of might
Miscellaneous
 W - a box of beasts (inert)


   Skills:
 + Level 7.9 Fighting
 * Level 13.0 Short Blades
 - Level 6.0 Throwing
 + Level 5.2 Armour
 + Level 6.6 Dodging
 + Level 15.5 Stealth
 + Level 8.4 Invocations
 + Level 6.3 Evocations


You had 13 spell levels left.
You didn't know any spells.
Your spell library contained the following spells:

 Spells                   Type           Power      Damage    Failure   Level
 Magic Dart               Conj           0%         1d3       56%         1
 Searing Ray              Conj           0%         2d4       71%         2
 Call Canine Familiar     Summ           0%         N/A       90%         3
 Inner Flame              Hex/Fire       0%         N/A       90%         3
 Ozocubu's Armour         Ice            0%         N/A       90%         3
 Portal Projectile        Hex/Tloc       0%         N/A       90%         3
 Cause Fear               Hex            0%         N/A       100%        4
 Fulminant Prism          Conj/Hex       0%         3d6       100%        4
 Leda's Liquefaction      Hex/Erth       0%         N/A       100%        4
 Dragon Form              Tmut           0%         N/A       100%        7
 Ozocubu's Refrigeration  Ice            0%         4d7       100%        7
 Discord                  Hex            0%         N/A       100%        8
 Dragon's Call            Summ           0%         N/A       100%        9


Dungeon Overview and Level Annotations

Branches:
Dungeon (13/15)            Temple (1/1) D:4            Lair (4/5) D:11
 Shoals (0/4) Lair:3        Snake (0/4) Lair:3        Slime (0/5) Lair:4
    Orc (0/2) D:10         Vaults (0/5) D:13         Bailey (visited)
Volcano (visited)

Altars:
Ashenzari
Cheibriados
Dithmenos
Elyvilon
Fedhas
Gozag
Hepliaklqana
Kikubaaqudgha
Makhleb
Nemelex Xobeh
Okawaru
Qazlal
Ru
Sif Muna
Trog
Uskayaw
Vehumet
Wu Jian
Xom
Yredelemnul
Zin
The Shining One

Shops:
D:5 (   D:6 *   D:8 (**

Annotations:
D:5 1 runed translucent door, Iich's ghost, novice MiBe
Lair:1 1 runed translucent door, Fiod's ghost, journeyman OpAE
Lair:4 exclusion: 3 oklob plants


Innate Abilities, Weirdness & Mutations

You have razor-sharp teeth.
Your natural rate of healing is unusually fast.
When hurt, damage is shared between your health and your magic reserves.
Your bite disrupts and absorbs the magic of your enemies.
Potions cannot restore your health.


Message History

b - a +0 rapier of venom (weapon)
The cane toad stings you but does no damage.
You hit the cane toad. Your bite misses the cane toad.
The cane toad is heavily wounded.
The cane toad closely misses you.
You hit the cane toad. You bite the cane toad. You drain its power.
The cane toad is heavily wounded.
You barely miss the cane toad.
The cane toad is heavily wounded.
The cane toad closely misses you.
You hit the cane toad.
The cane toad is poisoned.
You bite the cane toad! You drain its power.
The cane toad is almost dead.
The cane toad completely misses you.
Uskayaw will force your foes to helplessly watch your dance.
Uskayaw prepares the audience for your solo!
The helpless cane toad fails to defend itself.
You stick the cane toad like a pincushion!!!!
You kill the cane toad!
No target in view!
No target in view! 2 oklob plants come into view.
Marking area around 2 oklob plants as unsafe for travelling.
Your +0 rapier of venom stops dripping with poison.
You sense an unholy aura.
a - a +3 dagger of draining (weapon)
No reachable target in view!
An oklob plant comes into view.
Found a staircase to the Slime Pits.
Marking area around an oklob plant as unsafe for travelling.
The oklob plant spits acid at you. The splash of acid hits you!
The oklob plant spits acid at you. The splash of acid hits you!!
The acid corrodes you! The oklob plant spits acid at you.
The splash of acid hits you!!
* * * LOW HITPOINT WARNING * * *
The oklob plant spits acid at you. The splash of acid hits you!!
You die...

##...## #.....##
##......##
#........#
#...#....##
#..###....##
#...###....#
#...###....#
#...@####..#####
#....## #......#
#.....# #..#..P#
##....# ####.P##
#..PP..# #..##
##P.>.## ##..#
#....# #.P#
###.## #..######
### ##..P..#.


You could see 3 oklob plants.

Vanquished Creatures
  Gastronok (D:9)
  Nessos (Lair:3)
  Snorg (Lair:4)
  A fire dragon (Volcano)
  A hydra (Lair:3)
  Fannar (Lair:2)
  A catoblepas (Lair:4)
  9 death yaks
  6 two-headed ogres
  Urug (D:13)
  Amaemon (Lair:2)
  An orc knight (Bailey)
  Pikel (D:9)
  2 manticores
  3 cyclopes
  2 ugly things
  3 salamanders (Volcano)
  18 elephants
  3 black mambas
  5 cane toads
  A gargoyle (D:12)
  Maggie (Lair:1)
  An orange demon (Lair:2)
  8 komodo dragons
  2 trolls
  A wind drake (Lair:3)
  14 blink frogs
  5 slime creatures (D:12)
  Sigmund (D:4)
  7 wyverns
  3 basilisks
  A wraith (D:10)
  41 yaks
  12 fire bats
  6 steam dragons
  An acid dragon (D:10)
  10 water moccasins
  9 orc warriors
  2 sky beasts (D:6)
  2 black bears
  3 centaurs
  18 wolves
  5 ogres
  A lemure (D:8)
  A phantom (D:6)
  3 kobold brigands
  9 bullfrogs
  2 scorpions
  6 wights
  3 killer bees (D:10)
  2 electric eels (D:8)
  14 howler monkeys
  4 hounds
  4 gnoll boudas
  3 jellies
  9 orc priests
  6 iguanas
  12 orc wizards
  17 gnolls
  6 adders
  2 white imps
  An ufetubus (D:5)
  4 worms
  2 dart slugs (D:1)
  55 orcs
  9 ball pythons
  3 endoplasms
  A giant cockroach (D:4)
  7 goblins
  8 hobgoblins
  2 jackals (D:2)
  8 quokkas
  6 bats
  5 frilled lizards
  10 kobolds
  4 rats
445 creatures vanquished.

Vanquished Creatures (collateral kills)
  2 hydras (Lair:4)
  A blink frog (Lair:1)
  An orc warrior (D:8)
  2 gnolls (D:5)
  2 orcs (D:8)
8 creatures vanquished.

Vanquished Creatures (others)
  A komodo dragon (Volcano)
  A wyvern (D:8)
  An ogre (Volcano)
  2 gnolls
  A bush (D:11)
  23 fungi
  116 plants
  4 withered plants
149 creatures vanquished.

Grand Total: 602 creatures vanquished

Notes
Turn   | Place    | Note
-------+----------+-------------------------------------------
     0 | D:1      | ragingrage the Vine Stalker Brigand began the quest for the
                  | Orb.
     0 | D:1      | Reached XP level 1. HP: 11/11 MP: 2/2
   198 | D:1      | Reached skill level 5 in Stealth
   198 | D:1      | Reached XP level 2. HP: 15/15 MP: 3/3
   769 | D:2      | Found a shimmering altar of Xom.
   829 | D:2      | Reached XP level 3. HP: 10/18 MP: 4/4
  1501 | D:2      | Gained mutation: Your natural rate of healing is unusually
                  | fast. [Vine Stalker growth]
  1501 | D:2      | Reached XP level 4. HP: 17/23 MP: 2/5
  1609 | D:3      | Reached XP level 5. HP: 26/26 MP: 3/6
  2232 | D:4      | Noticed a black bear
  2240 | D:4      | Killed a black bear
  2241 | D:4      | Reached XP level 6. HP: 28/30 MP: 7/7
  2566 | D:4      | Found a staircase to the Ecumenical Temple.
  2650 | Temple   | Entered the Ecumenical Temple
  2814 | D:4      | Reached skill level 5 in Short Blades
  2816 | D:4      | Noticed Sigmund
  3102 | D:4      | Found a broken altar of Ashenzari.
  3113 | D:4      | Reached XP level 7. HP: 34/34 MP: 8/8
  3670 | D:4      | Killed Sigmund
  3671 | D:4      | Gained mutation: You have razor-sharp teeth. [Vine Stalker
                  | growth]
  3671 | D:4      | Reached XP level 8. HP: 37/38 MP: 9/9
  3815 | D:4      | Reached skill level 5 in Throwing
  3958 | D:5      | Entered Level 5 of the Dungeon
  4091 | D:5      | Found Urucesaq's Antique Weapon Shop.
  4106 | D:5      | Bought a runed short sword for 138 gold pieces
  4413 | D:5      | Found a shadowy altar of Dithmenos.
  4552 | D:5      | Found a white marble altar of Elyvilon.
  4714 | D:5      | Found a runed translucent door.
  4714 | D:5      | Noticed Iich's ghost (novice MiBe)
  5058 | D:6      | Found Yhot's Mayhem Merchandise.
  5070 | D:6      | Bought a wand of iceblast (3) for 79 gold pieces
  5094 | D:6      | Reached XP level 9. HP: 42/42 MP: 10/10
  5133 | D:6      | Reached skill level 1 in Dodging
  5273 | D:6      | Reached skill level 6 in Stealth
  5391 | D:6      | Identified the +2 cloak of Danyba {-Tele Harm rC+}
  6346 | D:8      | Noticed a manticore
  6355 | D:8      | Killed a manticore
  6356 | D:8      | Reached skill level 7 in Stealth
  6460 | D:8      | Found Ravud's Assorted Antiques.
  6465 | D:8      | Bought a dyed leather armour for 160 gold pieces
  6476 | D:8      | Bought a scroll labelled KEOCHOU KINGIHI for 32 gold pieces
  6476 | D:8      | Bought a scroll labelled CILILE HA CULU for 32 gold pieces
  6476 | D:8      | Bought a ruby potion for 28 gold pieces
  6498 | D:8      | Found a sacrificial altar of Ru.
  6568 | D:8      | Found a radiant altar of Vehumet.
  6614 | D:7      | Reached skill level 10 in Short Blades
  6614 | D:7      | Reached skill level 8 in Stealth
  6614 | D:7      | Reached XP level 10. HP: 46/46 MP: 11/11
  6661 | D:8      | Found Ownum's Weapon Shop.
  6702 | D:8      | Identified the +2 robe "Todwo" {rPois}
  6932 | D:8      | Found a burning altar of Makhleb.
  6950 | D:8      | Found Xafuall's Assorted Antiques.
  6966 | D:8      | Reached skill level 9 in Stealth
  7048 | D:8      | Bought a blue potion for 24 gold pieces
  7048 | D:8      | Bought a fizzy purple potion for 24 gold pieces
  7521 | D:8      | Reached skill level 5 in Dodging
  7521 | D:8      | Reached skill level 10 in Stealth
  7875 | D:9      | Reached skill level 11 in Stealth
  7893 | D:9      | Found a hide-covered altar of Uskayaw.
  7900 | D:9      | Became a worshipper of Uskayaw the Reveller
  7967 | D:9      | Noticed Gastronok
  7968 | D:9      | Noticed Pikel
  7998 | D:9      | Reached * piety under Uskayaw
  8011 | D:9      | Reached ** piety under Uskayaw
  8021 | D:8      | Reached *** piety under Uskayaw
  8031 | D:9      | Reached **** piety under Uskayaw
  8035 | D:9      | Reached ***** piety under Uskayaw
  8039 | D:9      | Reached skill level 1 in Invocations
  8045 | D:9      | Reached ****** piety under Uskayaw
  8046 | D:9      | Reached skill level 1 in Armour
  8063 | D:9      | Noticed a two-headed ogre
  8078 | D:9      | Killed a two-headed ogre
  8079 | D:9      | Reached XP level 11. HP: 38/51 MP: 9/13
  8105 | D:9      | Found a flagged portal.
  8118 | Bailey   | Entered a bailey
  8268 | Bailey   | Noticed an orc knight
  8292 | Bailey   | Killed an orc knight
  8293 | Bailey   | Reached skill level 12 in Stealth
  8469 | Bailey   | Identified the ring of Eptiowk {*Slow Will+ Int+6}
  8485 | Bailey   | Identified the +5 ice dragon scales "Vegyj" {rF- rC++ rN+
                  | Str+3}
  8801 | D:9      | Killed Gastronok
  8891 | D:9      | Killed Pikel
  9186 | D:10     | Entered Level 10 of the Dungeon
  9225 | D:10     | Noticed a brown ugly thing
  9232 | D:10     | Killed a brown ugly thing
  9263 | D:10     | Reached skill level 1 in Evocations
  9398 | D:10     | Found a shimmering altar of Xom.
  9536 | D:10     | Found a staircase to the Orcish Mines.
  9593 | D:10     | Reached skill level 13 in Stealth
  9648 | D:10     | Reached skill level 5 in Fighting
  9916 | D:10     | Reached skill level 5 in Invocations
 10037 | D:8      | Bought a +0 rapier of venom for 102 gold pieces
 10184 | D:11     | Noticed a cyclops
 10188 | D:11     | Killed a cyclops
 10189 | D:11     | Reached XP level 12. HP: 60/60 MP: 16/16
 10213 | D:11     | Noticed a two-headed ogre
 10220 | D:11     | Killed a two-headed ogre
 10410 | D:11     | Found a staircase to the Lair.
 10410 | D:11     | Noticed a two-headed ogre
 10478 | D:11     | Killed a two-headed ogre
 10920 | D:12     | Noticed a two-headed ogre
 10932 | D:12     | Killed a two-headed ogre
 11248 | D:13     | Noticed Urug
 11253 | D:13     | Killed Urug
 11324 | D:13     | Reached skill level 14 in Stealth
 11352 | D:13     | Found a gate to the Vaults.
 11352 | D:13     | Noticed a vault guard
 11352 | D:13     | Noticed a vault guard
 11352 | D:13     | Noticed a vault guard
 11352 | D:13     | Noticed a vault guard
 11352 | D:13     | Noticed a vault guard
 11394 | Lair:1   | Entered Level 1 of the Lair of Beasts
 11744 | Lair:1   | Found a runed translucent door.
 11746 | Lair:1   | Noticed Fiod's ghost (journeyman OpAE)
 11855 | Lair:1   | Noticed Maggie
 11869 | Lair:1   | Killed Maggie
 12382 | Lair:2   | Reached XP level 13. HP: 65/65 MP: 18/18
 12681 | Lair:2   | Noticed Amaemon
 12797 | Lair:2   | Noticed Fannar
 12816 | Lair:2   | Killed Fannar
 12870 | Lair:2   | Killed Amaemon
 13348 | Lair:3   | Found a staircase to the Shoals.
 13380 | Lair:3   | Found a staircase to the Snake Pit.
 13425 | Lair:2   | Reached skill level 5 in Evocations
 13559 | Lair:3   | Found a dark tunnel.
 13568 | Volcano  | Entered a volcano
 14216 | Volcano  | Noticed a fire dragon
 14234 | Volcano  | Killed a fire dragon
 14735 | Lair:3   | Reached skill level 15 in Stealth
 14735 | Lair:3   | Reached XP level 14. HP: 47/72 MP: 18/20
 14799 | Lair:3   | Noticed Nessos
 14812 | Lair:3   | Killed Nessos
 15967 | Lair:4   | Noticed Snorg
 15975 | Lair:4   | Killed Snorg
 15976 | Lair:4   | Reached skill level 5 in Armour
 16567 | Lair:4   | Found a staircase to the Slime Pits.
 16575 | Lair:4   | Killed from afar by an oklob plant

Illustrated notes

Levels and vault maps discovered:
D:1:      psy_arrival_fountain, layout_loops_ring
D:2:      layout_basic, basic_altar
D:3:      layout_loops_ring
D:4:      minmay_general_purpose_star, layout_loops_ring,
          evilmike_ruin_ashenzari, minmay_temple_entry_statues_pillars,
          minmay_puff, uniq_sigmund
D:5:      cheibrodos_helix_gallery, layout_basic, elyvilon_altar_4,
          grunt_dithmenos_smoke, serial_shops, nicolae_shop_trees,
          gammafunk_ghost_grave, grunt_ministairs_12
D:6:      layout_cave_pools, minmay_shop_mayhem
D:7:      layout_cave_pools
D:8:      layout_basic, nicolae_ru_the_path_less_chosen, lemuel_round_altar,
          nicolae_overflow_crystal_walls, serial_shops, shop,
          nicolae_shop_hallway_plus, nicolae_shop_bloodbath_and_beyond,
          minmay_crystal_water, minmay_bent
D:9:      layout_rooms, nicolae_uskayaw_murder_on_the_dancefloor,
          enter_bailey_2, minmay_fractal_squares_diagonal_5, uniq_gastronok,
          uniq_pikel
D:10:     layout_loops_ring, general_overflow_altar, david_orc_2
D:11:     layout_rooms, minmay_lair_entry_grove
D:12:     layout_cave_pools
D:13:     layout_gridville, erik_vaults_2, grunt_decor_cap, uniq_urug
Temple:   nicolae_temple_two_arcs
Lair:1:   layout_cave_pods, gammafunk_ghost_grave, grunt_megastairs_3,
          uniq_maggie
Lair:2:   layout_chaotic_city, serial_bayou_pond_e, uniq_amaemon, uniq_fannar
Lair:3:   layout_long_grid, minmay_shoals_entry_beasts, dummy_snake_entry,
          nicolae_volcano_entry_batcave, st_stairs_3, lemuel_fruit_tree,
          uniq_nessos
Lair:4:   beast_lair_carwin_large_3, layout_misc_corridors,
          minmay_slime_entry_oklob_enclosed, serial_bayou_lagoon_b, uniq_snorg

Skill      XL: |  1  2  3  4  5  6  7  8  9 10 11 12 13 14 |
---------------+-------------------------------------------+-----
Short Blades   | 2 3 4 5 6 8 10 11 12 13 | 13.0
Stealth        | 5 8 11 13 14 15 | 15.5
Throwing       | 2 3 4 6 |  6.0
Dodging        | 3 5 6 |  6.6
Fighting       | 2 5 6 7 |  7.9
Invocations    | 2 5 6 7 8 |  8.4
Armour         | 1 3 4 5 |  5.2
Evocations     | 2 4 5 6 |  6.3

Action                   |  1- 3 |  4- 6 |  7- 9 | 10-12 | 13-15 || total
-------------------------+-------+-------+-------+-------+-------++-------
Melee: Dagger            |    24 |       |   126 |   687 |   390 ||  1227
       Short sword       |    51 |    53 |   124 |       |       ||   228
       Bite              |    14 |    13 |    83 |   284 |   303 ||   697
       Punch             |       |       |     6 |    12 |    16 ||    34
       Rapier            |       |       |       |       |   232 ||   232
       Great sword       |       |       |       |       |     4 ||     4
 Fire: Arbalest          |     8 |    72 |    71 |    56 |     4 ||   211
       Longbow           |       |       |       |       |     6 ||     6
Throw: Dart              |     2 |     4 |    12 |     7 |    12 ||    37
       Throwing net      |       |       |       |     2 |       ||     2
       Javelin           |       |       |       |       |     1 ||     1
Invok: Grand Finale      |       |       |       |     1 |       ||     1
 Abil: Evoke Invisibilit |       |       |       |       |     1 ||     1
Evoke: Wand              |       |       |     3 |     8 |    10 ||    21
       Box of beasts     |       |       |       |       |     2 ||     2
  Use: Scroll            |     1 |       |     9 |    10 |     3 ||    23
       Potion            |       |       |       |       |     7 ||     7
 Stab: Sleeping          |     4 |       |     6 |    26 |    18 ||    54
       Distracted        |       |       |       |     2 |     2 ||     4
       Paralysed         |       |       |       |    26 |    34 ||    60
       Betrayed ally     |       |       |       |     1 |       ||     1
       Held in net/web   |       |       |       |     2 |       ||     2
       Invisible         |       |       |       |       |     2 ||     2
Armor: Robe              |    22 |    43 |    31 |       |       ||    96
       Leather armour    |       |       |     1 |    64 |    44 ||   109
       Swamp dragon scal |       |       |       |       |    77 ||    77
Dodge: Dodged            |    31 |    65 |   123 |   290 |   404 ||   913

Table legend: (Time is in decaauts)
 A = Elapsed time spent in this place.
 B = Non-inter-level travel time spent in this place.
 C = Inter-level travel time spent in this place.
 D = Time resting spent in this place.
 E = Time spent auto-exploring this place.
 F = Levels seen in this place.
 G = Mean time per level.
                   A        B        C        D        E       F      G
               +--------+--------+--------+--------+--------+-----+--------+
         Total |  15918 |  15134 |    784 |   1826 |   8942 |  20 |  795.9 |
       Dungeon |  10538 |   9883 |    655 |   1104 |   6081 |  13 |  810.6 |
        Temple |    117 |    111 |      6 |      0 |    104 |   1 |  117.0 |
          Lair |   3837 |   3715 |    122 |    292 |   2328 |   4 |  959.2 |
        Bailey |    452 |    452 |      0 |    113 |    156 |   1 |  452.0 |
       Volcano |    972 |    972 |      0 |    316 |    272 |   1 |  972.0 |
               +--------+--------+--------+--------+--------+-----+--------+

Top non-repeatable levels by time:
     D:4: 1560 daAuts
     D:8: 1518 daAuts
  Lair:3: 1086 daAuts
     D:5: 1081 daAuts
 Volcano: 972 daAuts
  Lair:2: 970 daAuts
  Lair:1: 905 daAuts
  Lair:4: 875 daAuts
     D:9: 798 daAuts
    D:10: 789 daAuts
     D:2: 788 daAuts
     D:3: 761 daAuts
     D:1: 756 daAuts
     D:7: 681 daAuts
    D:11: 569 daAuts
